 Dungeon Crawl Stone Soup version 0.29.0-5-ge4962eb29e (webtiles) character file.

Game seed: 2446454980392256362

13 voltaire321 the Trooper (level 2, -1/27 HPs)
             Began as a Hill Orc Fighter on Aug 29, 2022.
             Slain by an ogre
             ... wielding a +0 giant club
              (6 damage)
             ... on level 2 of the Dungeon.
             The game lasted 00:01:00 (478 turns).

voltaire321 the Trooper (Hill Orc Fighter)           Turns: 478, Time: 00:01:01

Health: -1/27      AC:  9    Str: 18    XL:     2   Next: 37%
Magic:  2/2        EV:  6    Int:  8    God:
Gold:   37         SH:  4    Dex: 10    Spells: 1/1 levels left

rFire   . . .      SeeInvis .   a - +0 war axe
rCold   . . .      Faith    .   c - +0 buckler
rNeg    . . .      Spirit   .   g - +0 chain mail
rPois   .          Reflect  .   (no helmet)
rElec   .          Harm     .   (no cloak)
rCorr   .          Rampage  .   (no gloves)
Will    .....                   (no boots)
Stlth   ..........              (no amulet)
HPRegen 0.09/turn               (no ring)
MPRegen 0.08/turn               (no ring)

@: no status effects
A: no striking features
a: no special abilities


You were on level 2 of the Dungeon.
You visited 1 branch of the dungeon, and saw 2 of its levels.

You collected 37 gold pieces.

Inventory:

Hand Weapons
 a - a +0 war axe (weapon)
Armour
 c - a +0 buckler (worn)
 g - a +0 chain mail (worn)
Scrolls
 b - a scroll of blinking {unknown}
 e - 4 scrolls of identify {unknown}
Potions
 d - a potion of might
 f - a potion of heal wounds {unknown}
 h - a potion of lignification {unknown}
 i - 2 potions of brilliance {unknown}


   Skills:
 + Level 3.8 Fighting
 + Level 3.0 Axes
 + Level 3.4 Armour
 + Level 0.4 Dodging
 + Level 3.4 Shields


You had one spell level left.
You didn't know any spells.
Your spell library was empty.

Dungeon Overview and Level Annotations

Branches:
Dungeon (2/15)

Altars:


Message History

You start removing your armour.
You continue taking off your +0 scale mail. x4
You finish taking off your +0 scale mail.
You start putting on your armour.
You continue putting on your +0 chain mail. x5
You finish putting on your +0 chain mail.
You drop a +0 scale mail.
Found Nadas's Antique Armour Boutique.
The shop is a mimic!
The shop mimic snickers and vanishes in a puff of smoke!
A rat comes into view.
Found a spear.
You slash the rat!
You kill the rat!
You see here a rat corpse.
b - a scroll labelled COEWEO AWATIEN
h - a bubbling purple potion You now have 26 gold pieces (gained 18).
i - 2 puce potions You now have 37 gold pieces (gained 11).
A dart slug comes into view.
A sourceless malevolence fills the Dungeon...
You fall into a shaft and drop 1 floor!
The shaft crumbles and collapses.
Found a stone staircase leading down.
Found a mace.
Found a dagger.
A bat comes into view.
The bat hits you but does no damage.
You barely miss the bat. The bat barely misses you.
You slash the bat!
You kill the bat!
An ogre comes into view. It is wielding a +0 giant club.
The ogre shouts!
A hobgoblin comes into view.
The ogre hits you with a +0 giant club!!
Ouch! That really hurt!
* * * LOW HITPOINT WARNING * * *
You barely miss the ogre. The ogre hits you with a +0 giant club.
You die...

#.##........#
#.###########
#.#
###.########
#...........
#.#.#######.
#.### #.#.#
#.g...##.#.#
#.....O@.#.#
#..##.####.#
# #.# #.#


You could see an ogre and a hobgoblin.

Vanquished Creatures
  A dart slug (D:1)
  2 endoplasms (D:1)
  A hobgoblin (D:1)
  A kobold (D:1)
  3 bats
  4 rats (D:1)
12 creatures vanquished.

Notes
Turn   | Place    | Note
-------+----------+-------------------------------------------
     0 | D:1      | voltaire321 the Hill Orc Fighter began the quest for the
                  | Orb.
     0 | D:1      | Reached XP level 1. HP: 19/19 MP: 1/1
   224 | D:1      | Reached XP level 2. HP: 27/27 MP: 2/2
   357 | D:1      | Found Nadas's Antique Armour Boutique.
   428 | D:1      | You fall into a shaft and drop 1 floor!
   476 | D:2      | Noticed an ogre
   478 | D:2      | Slain by an ogre

Illustrated notes

Levels and vault maps discovered:
D:1:      lightli_arrival_isolated_outpost, layout_loops_ring,
          shapermc_ecumenical_altar_mp_vishouse, serial_shops, shop,
          minmay_misc_feat_nine_boxes
D:2:      layout_loops_ring, uniq_robin

Skill      XL: |  1  2 |
---------------+-------+-----
Axes           | 3 |  3.0
Fighting       | |  3.8
Armour         | |  3.4
Dodging        | |  0.4
Shields        | |  3.4

Action                   || total
-------------------------++-------
Melee: War axe           ||    21
Armor: Scale mail        ||     9
       Chain mail        ||     1
Dodge: Dodged            ||     7
Block: Buckler           ||     1
